AoeStats
← juonma

Arabia

508354340Analyzed
1v1 RM · 9d ago on Sep 22, 2026· 39m 0s· 2 players
Game mode
Random Map
Map size
Tiny (2 player)
Population
200
Speed
Normal
Resources
Standard
Victory
Conquest
Starting age
Dark Age
Ending age
Imperial Age
RankedLock teamsTeams togetherTeam positionsShared explorationLock speedFull tech treeHidden civsTurbo modeCheats
Victory
Defeat
🇳🇿 Franks · New Zealand
533
+18
🇺🇸 Goths · United States
568
-18
Swivella
4:47 Loom
10:28 Feudal Age
11:05 Double-Bit Axe
18:09 Fletching
25:39 Castle Age
24:26 Stone Mining
26:39 Pikeman
27:19 Squires
26:43 Crossbowman
28:58 Forging
30:22 Bodkin Arrow
36:37 Bow Saw
36:33 Husbandry
juonma
7:08 Loom
10:11 Feudal Age
11:03 Double-Bit Axe
11:03 Horse Collar
18:25 Gold Mining
18:16 Man-at-Arms
28:15 Castle Age
Connection lost

Rejoining the realm…

Still unreachable

The connection could not be restored.

Session expired

The server has moved on; the page needs a fresh start.